 Dungeon Crawl Stone Soup version 0.17.0-24-gcfadda4 (webtiles) character file.

50 matakusis the Ducker (level 3, -9/28 HPs)
             Began as a Demonspawn Gladiator on Nov 17, 2015.
             Killed by Freeze
             ... invoked by Gravenous's ghost
              (10 damage)
             ... on level 3 of the Dungeon.
             The game lasted 00:06:57 (2088 turns).

matakusis the Ducker (Demonspawn Gladiator)         Turns: 2088, Time: 00:06:57

Health: -9/28      AC:  4    Str: 15      XL:     3   Next: 55%
Magic:  2/2        EV: 13    Int:  7 (9)  God:
Gold:   84         SH:  0    Dex: 14      Spells: 0 memorised, 2 levels left

rFire  + . .     SeeInvis +     a - +1 war axe
rCold  . . .     Clarity  .     h - +0 leather armour (curse)
rNeg   . . .     SustAt   .     (no shield)
rPois  .         Gourm    .     c - +0 helmet
rElec  .         Spirit   .     (no cloak)
rCorr  +         Warding  .     (no gloves)
rMut   .         Stasis   .     (no boots)
MR     .....                    m - amulet of resist corrosion
Stlth  +.........               o - ring of see invisible
                                i - ring of wizardry

@: not resistant to hostile enchantments, very unstealthy
A: deterioration 1, fire resistance 1, low mp 1, spit poison 1
a: Spit Poison


You were on level 3 of the Dungeon.
You were not hungry.

You visited 1 branch of the dungeon, and saw 3 of its levels.

You collected 84 gold pieces.

Inventory:

Hand Weapons
 a - a +1 war axe (weapon)
Missiles
 d - 3 throwing nets (quivered)
Armour
 b - a +0 leather armour
 c - a +0 helmet (worn)
 h - a cursed +0 leather armour (worn)
Jewellery
 i - a ring of wizardry (left hand)
 m - an amulet of resist corrosion (around neck)
 o - a ring of see invisible (right hand)
Scrolls
 k - 2 scrolls of identify
Comestibles
 e - 2 bread rations
 f - 2 chunks of flesh
 l - a slice of pizza


   Skills:
 + Level 2.3 Fighting
 + Level 3.1 Axes
 - Level 1.7 Throwing
 + Level 1.0 Armour
 * Level 3.4 Dodging


You had 2 spell levels left.
You didn't know any spells.

Dungeon Overview and Level Annotations

Branches:
Dungeon (3/15)

Altars:

Annotations:
D:3 Gravenous's ghost, amateur OpIE


Innate Abilities, Weirdness & Mutations

Your flesh is heat resistant.
Your body sometimes deteriorates upon taking damage.
Your magical capacity is low (-10% MP).
You can spit weak poison.


Message History

You slash the jackal!
You kill the jackal!
You closely miss the rat. The rat barely misses you.
You hit the rat.
You kill the rat!
You closely miss Gravenous's ghost. Gravenous's ghost barely misses you.
Gravenous's ghost hits you.
* * * LOW HITPOINT WARNING * * *
You barely miss Gravenous's ghost. Gravenous's ghost hits you.
* * * LOW HITPOINT WARNING * * *
You barely miss Gravenous's ghost. Gravenous's ghost hits you.
* * * LOW HITPOINT WARNING * * *
Your body deteriorates!
You feel dopey. Gravenous's ghost misses you.
You closely miss Gravenous's ghost.
Gravenous's ghost hits you but does no damage.
You hit Gravenous's ghost but do no damage.
Gravenous's ghost stares at you and mumbles some strange words.
You are frozen.
You die...

#################### ##
#..#.#.#.#.#.#.#.#.### #...
#....................# ##...
#..#.#.#.#.#.#.#.#.#.# ....
#.................<..#
###..##..#.#.#.#.#.#.#.#.#.#
.......>.......W@....).....#
###......#.#.#.#.#.#.#.#.#.#
............########.####..#
...#........# #.# #.##
.....r......# #.# #.#
............# #.####.#
............# #......#
............# #####.##
............# ########..#


You could see Gravenous's ghost.

Vanquished Creatures
  An adder (D:2)
  2 giant cockroaches (D:2)
  8 goblins (D:2)
  8 hobgoblins
  4 jackals
  7 bats
  2 giant newts
  5 rats
37 creatures vanquished.

Notes
Turn   | Place    | Note
--------------------------------------------------------------
     0 | D:1      | matakusis the Demonspawn Gladiator began the quest for the Orb.
     0 | D:1      | Reached XP level 1. HP: 16/16 MP: 1/1
   336 | D:1      | Reached skill level 3 in Dodging
   363 | D:1      | Gained mutation: Your flesh is heat resistant. [demonic ancestry]
   363 | D:1      | Reached XP level 2. HP: 2/22 MP: 2/2
  1457 | D:2      | Gained mutation: Your body sometimes deteriorates upon taking damage. [potion of mutation]
  1457 | D:2      | Gained mutation: Your magical capacity is low (-10% MP). [potion of mutation]
  1457 | D:2      | Gained mutation: You can spit weak poison. [potion of mutation]
  1463 | D:2      | Reached XP level 3. HP: 4/27 MP: 2/2
  1479 | D:2      | HP: 1/27 [poisoned by an adder]
  2056 | D:3      | Noticed Gravenous's ghost (amateur OpIE)
  2057 | D:3      | Reached skill level 1 in Armour
  2086 | D:3      | HP: 1/28 [Gravenous's ghost (4)]
  2088 | D:3      | Killed from afar by Gravenous's ghost

Action                   || total
-------------------------++-------
Melee: War axe           ||   135
 Abil: Spit Poison       ||     1
  Use: Potion            ||     4
       Scroll            ||     5
  Eat: Chunk             ||     4
